 Dungeon Crawl Stone Soup version 0.27-a0-828-g8289197e94 (webtiles) character file.

Game seed: 3550595973203185366

281 polve the Changer (level 6, -11/52 HPs)
             Began as a Draconian Transmuter on Mar 30, 2021.
             Killed by divine providence
             ... invoked by an orc priest
              (15 damage)
             ... on level 3 of the Dungeon.
             The game lasted 00:05:33 (4996 turns).

polve the Changer (Draconian Transmuter)            Turns: 4996, Time: 00:05:33

Health: -11/52     AC:  6    Str: 12    XL:     6   Next: 6%
Magic:  8/9        EV: 12    Int: 15    God:
Gold:   202        SH:  0    Dex: 12    Spells: 6/9 levels left

rFire    . . .     SeeInvis .     - Unarmed
rCold    + . .     Faith    .   (no shield)
rNeg     . . .     Spirit   .   (armour unavailable)
rPois    .         Reflect  .   (helmet currently unavailable)
rElec    .         Harm     .   (no cloak)
rCorr    +         Rampage  .   (no gloves)
Will     .....                  (boots currently unavailable)
Stlth    +.........             (no amulet)
HPRegen  0.17/turn              b - ring of resist corrosion
MPRegen  0.11/turn              i - ring of protection from cold

@: appendages
A: horns 2, talons 2, AC +6, unfitting armour, cold-blooded
a: End Transformation


You were on level 3 of the Dungeon.
You had temporarily grown beastly horns and talons.
You visited 1 branch of the dungeon, and saw 4 of its levels.

You collected 202 gold pieces.

Inventory:

Jewellery
 b - a ring of resist corrosion (left hand)
 i - a ring of protection from cold (right hand)
Wands
 h - a wand of iceblast (7)
 k - a wand of random effects (14)
Scrolls
 c - 3 scrolls of identify {unknown}
 d - 3 scrolls of holy word {unknown}
 f - a scroll of silence {unknown}
 g - a scroll of teleportation {unknown}
 j - a scroll of brand weapon {unknown}
 l - a scroll of fog {unknown}
Potions
 e - a potion of might {unknown}


   Skills:
 - Level 4.0 Fighting
 - Level 1.7 Dodging
 - Level 3.0 Unarmed Combat
 - Level 2.0 Spellcasting
 + Level 5.2 Transmutations


You had 6 spell levels left.
You knew the following spells:

 Your Spells              Type           Power      Damage    Failure   Level
a - Beastly Appendage     Tmut           34%        N/A       2%          1
b - Wereblood             Tmut           17%        N/A       3%          2

Your spell library contained the following spells:

 Spells                   Type           Power      Damage    Failure   Level
 Spider Form              Tmut/Pois      4%         N/A       22%         3
 Confusing Touch          Hex            1%         N/A       54%         3
 Gell's Gravitas          Tloc           0%         N/A       54%         3
 Hydra Form               Tmut           8%         N/A       56%         5
 Ice Form                 Ice/Tmut       9%         N/A       58%         4
 Petrify                  Tmut/Erth      9%         N/A       58%         4
 Yara's Violent Unravell  Hex/Tmut       4%         3d4       91%         5
 Metabolic Englaciation   Hex/Ice        0%         N/A       99%         5


Dungeon Overview and Level Annotations

Branches:
Dungeon (4/15)
 Temple: D:4-7

Altars:
Hepliaklqana
Makhleb
Wu Jian
Xom
Zin
The Shining One

Shops:
D:2 !

Annotations:
D:4 Robin


Innate Abilities, Weirdness & Mutations

You have temporarily grown beastly horns and talons.
Your plain brown scales are hard. (AC +6)
You cannot fit into any form of body armour.
You are cold-blooded and may be slowed by cold attacks.


Message History

The orc hits you with a +0 flail.
Okay, then.
The orc throws a boomerang.
The boomerang misses you.
The orc priest looks encouraged for a moment.
The orc priest calls down the wrath of Beogh upon you.
You barely resist.
You feel much better.
The orc priest calls down the wrath of Beogh upon you.
Beogh smites you!
Casting: Beastly Appendage (safe; 2% risk of failure)
Confirm with . or Enter, or press ? or * to list all spells.
You grow a pair of large bovine horns.
Your feet morph into talons.
The orc priest barely misses you.
You barely miss the orc priest. You barely miss the orc priest.
You claw the orc priest, but do no damage.
The orc priest mumbles some strange prayers to Beogh against you.
Pain shoots through your body!
You hit the orc priest but do no damage.
You headbutt the orc priest.
The orc priest is lightly wounded.
The orc closely misses you.
The orc priest mumbles some strange prayers to Beogh against you.
Pain shoots through your body!
* * * LOW HITPOINT WARNING * * *
You hit the orc priest.
You claw the orc priest, but do no damage.
You headbutt the orc priest, but do no damage.
The orc priest is lightly wounded.
The orc hits you with a +0 flail.
* * * LOW HITPOINT WARNING * * *
The orc priest closely misses you.
You closely miss the orc priest.
You claw the orc priest, but do no damage.
The orc priest is lightly wounded.
The orc hits you with a +0 flail.
* * * LOW HITPOINT WARNING * * *
The orc priest mumbles some strange prayers to Beogh against you.
Beogh smites you!
You die...

#.......#......[###....#)....#
.#....#.###..)>†.####..#..####
......#.##..####.......#..#
#.......##.## #....#.....#
...##......# ##..##.....#
...########## ##..###....#
..####...##.####oo>###....#
..###.....##..##o#...#.#..#
...#.......##.)o@###.#.#.##
...#..._..........##)#.#.#
...#.......#.####.##.#.#.#
...##.....##.####....#.###
....##...##..........#...#######
#....##############..#.#.......#
#.#.## #............# ..#.##
##..#######..# .##..# #..# ###
#..#


You could see 2 orc priests and 2 orcs.

Vanquished Creatures
  A phantom (D:2)
  Blork the orc (D:4)
  An orc wizard (D:3)
  A gnoll (D:4)
  2 adders
  An adder skeleton (D:4)
  2 worms
  A dart slug (D:1)
  6 orcs
  5 endoplasms
  6 giant cockroaches
  7 goblins
  5 hobgoblins
  2 jackals (D:3)
  10 kobolds
  2 quokkas
  5 ball pythons
  7 bats
  3 frilled lizards
  3 rats (D:1)
  A spectral orc (D:4)
72 creatures vanquished.

Notes
Turn   | Place    | Note
-------+----------+-------------------------------------------
     0 | D:1      | polve the Draconian Transmuter began the quest for the Orb.
     0 | D:1      | Reached XP level 1. HP: 16/16 MP: 3/3
   438 | D:1      | Reached XP level 2. HP: 24/24 MP: 3/5
  1077 | D:1      | Reached XP level 3. HP: 24/30 MP: 4/6
  1663 | D:2      | Noticed a phantom
  1686 | D:2      | Killed a phantom
  1687 | D:2      | Reached skill level 3 in Transmutations
  1687 | D:2      | Reached XP level 4. HP: 12/38 MP: 5/7
  1951 | D:2      | Found a burning altar of Makhleb.
  2200 | D:2      | Found a large runed translucent door.
  2201 | D:2      | Found a large runed translucent door.
  2207 | D:2      | Found a shimmering altar of Xom.
  2699 | D:2      | Found Wojam's Distillery.
  2767 | D:2      | Found a glowing silver altar of Zin.
  3259 | D:3      | Reached XP level 5. HP: 36/46 MP: 6/8
  3290 | D:3      | Reached skill level 4 in Transmutations
  3294 | D:3      | Learned a level 2 spell: Wereblood
  3584 | D:3      | Found an ornate altar of the Wu Jian Council.
  3639 | D:3      | Found a glowing golden altar of the Shining One.
  3936 | D:4      | Noticed Robin
  4142 | D:4      | Noticed Blork the orc
  4161 | D:4      | Killed Blork the orc
  4424 | D:4      | Found a hazy altar of Hepliaklqana.
  4482 | D:4      | Reached skill level 5 in Transmutations
  4883 | D:3      | Reached XP level 6. HP: 46/52 MP: 7/9
  4996 | D:3      | Killed from afar by an orc priest

Illustrated notes

Levels and vault maps discovered:
D:1:      ncdulo_wetmaze, layout_loops_corners
D:2:      due_chaos_kobolds, layout_basic, nicolae_overflow_crystal_walls,
          lemuel_coloured_pillars_altar, serial_shops, shop
D:3:      layout_rooms, lemuel_doored_altar, lemuel_round_altar, minivault_5,
          hangedman_glass_garden
D:4:      layout_basic, nicolae_hepliaklqana_monster_ancestors,
          gammafunk_ghost_necromancy, fedhas_altar_fruit_tree,
          uniq_blork_the_orc, uniq_crazy_yiuf_cottage, uniq_robin

Skill      XL: |  1  2  3  4  5 |
---------------+----------------+-----
Fighting       | 2 3 4 |  4.0
Transmutations | 3 5 |  5.2
Dodging        | |  1.7
Unarmed Combat | |  3.0
Spellcasting   | |  2.0

Action                   |  1- 3 |  4- 6 || total
-------------------------+-------+-------++-------
Melee: Unarmed           |    87 |   151 ||   238
       Kick              |    22 |    32 ||    54
       Tailslap          |    14 |    18 ||    32
       Headbutt          |     8 |    26 ||    34
       Punch             |     3 |     3 ||     6
 Cast: Beastly Appendage |    21 |    30 ||    51
Evoke: Wand              |       |     3 ||     3
  Use: Potion            |     1 |     3 ||     4
 Stab: Petrified         |       |     7 ||     7
       Petrifying        |       |     1 ||     1
Armor: Skin              |    24 |    61 ||    85
Dodge: Dodged            |    57 |   113 ||   170

Table legend: (Time is in decaauts)
 A = Elapsed time spent in this place.
 B = Non-inter-level travel time spent in this place.
 C = Inter-level travel time spent in this place.
 D = Time resting spent in this place.
 E = Time spent auto-exploring this place.
 F = Levels seen in this place.
 G = Mean time per level.
                   A        B        C        D        E       F      G
               +--------+--------+--------+--------+--------+-----+--------+
         Total |   4999 |   4828 |    171 |      0 |   4192 |   4 | 1249.8 |
       Dungeon |   4999 |   4828 |    171 |      0 |   4192 |   4 | 1249.8 |
               +--------+--------+--------+--------+--------+-----+--------+

Top non-repeatable levels by time:
     D:2: 1774 daAuts
     D:1: 1537 daAuts
     D:3: 1232 daAuts
     D:4: 455 daAuts
